 Dungeon Crawl Stone Soup version 0.31.0-1-g2c135a008e (webtiles) character file.

Game seed: 11737908560220307373

10381 qw the Skirmisher (level 11, 0/81 HPs)
             Began as a Djinni Hunter on Jan 23, 2024.
             Was a High Priest of Okawaru.
             Slain by Harold
             ... wielding a +0 mace
              (6 damage)
             ... on level 2 of the Lair of Beasts.
             The game lasted 00:00:58 (10772 turns).

qw the Skirmisher (Djinni Hunter)                  Turns: 10772, Time: 00:00:59

Health: 0/81       AC: 10    Str: 10    XL:     11   Next: 91%
Gold:   328        EV: 16    Int: 11    God:    Okawaru [*****.] SH:  0 Dex: 27

rFire   + + .        m - +0 arbalest
rCold   x . .        (shield currently unavailable)
rNeg    . . .        n - +0 ring mail {rPois}
rPois   inf          (helmet restricted)
rElec   .            b - +0 cloak
rCorr   .            (no gloves)
SInv    .            (boots unavailable)
Will    +....        (no amulet)
Stlth   ++           h - +6 ring of dexterity
HPRegen 0.33/turn    l - +4 ring of protection
MPRegen 0.00/turn

%: infuse magic (-1 HP)
@: about to teleport, marked, flying
A: sickness immunity, fire resistance 2, cold vulnerability 1, float, innate
caster, HP casting, extra vitality 1, horns 1
a: Renounce Religion, Heroism, Finesse, Duel


You were on level 2 of the Lair of Beasts.
You worshipped Okawaru.
Okawaru was extremely pleased with you.
You visited 3 branches of the dungeon, and saw 11 of its levels.

You collected 640 gold pieces.
You spent 312 gold pieces at shops.


Innate Abilities, Weirdness & Mutations

You are immune to sickness and miasma.
You are immune to poison.
Your flesh is very heat resistant. (rF++)
You are vulnerable to cold. (rC-)
You float through the air rather than walking.
You learn spells naturally, not from books.
Your magical power is your life essence.
You have superior vitality. (+4 MHP)
You have a pair of small horns on your head.


   Skills:
 - Level 8.0 Fighting
 + Level 10.1 Ranged Weapons
 - Level 3.0 Armour
 - Level 8.1 Dodging
 - Level 0.7 Stealth
 + Level 8.9 Invocations


You knew the following spells:

 Your Spells              Type           Power      Damage    Failure   Level
a - Sting                 Conj/Alch      0%         1d3       65%         1
b - Momentum Strike       Conj/Tloc      0%         3d8       78%         2
c - Stone Arrow           Conj/Erth      0%         3d7       95%         3
d - Iskenderun's Mystic   Conj/Tloc      0%         2d3       100%        4
e - Summon Lightning Spi  Summ/Air       0%         N/A       100%        4
Your spell library was empty.

Inventory:

Hand Weapons
 m - a +0 arbalest (weapon)
Armour
 b - a +0 cloak (worn)
 n - a +0 ring mail of poison resistance (worn)
Jewellery
 f - a ring of positive energy
 h - a +6 ring of dexterity (left hand)
 l - a +4 ring of protection (right hand)
Wands
 d - a wand of polymorph (3)
 j - a wand of mindburst (16)
 k - a wand of roots (11)
 o - a wand of digging (5)
Scrolls
 a - 3 scrolls of identify
 q - a scroll of vulnerability {unknown}
Potions
 c - a potion of enlightenment
 e - 2 potions of might
 g - 6 potions of curing
 p - a potion of haste {unknown}

Dungeon Overview and Level Annotations

Branches:
Dungeon (8/15)             Temple (1/1) D:5            Lair (2/5) D:8
  Snake (0/4) Lair:2
  Swamp: Lair:2-3    Shoals: Lair:2-3

Altars:
Ashenzari
Cheibriados
Dithmenos
Elyvilon
Fedhas
Gozag
Hepliaklqana
Makhleb
Nemelex Xobeh
Okawaru
Qazlal
Ru
Trog
Uskayaw
Wu Jian
Xom
Yredelemnul
Zin

Shops:
D:3 :   D:7 [

Annotations:
D:7 1 runed translucent door, Crazy Yiuf
Lair:2 Harold, Urug


Message History

Harold hits you with a +0 mace!
You shoot a bolt.
The bolt hits Harold but does no damage.
Harold is lightly wounded.
The cane toad stings the fungus!
The fungus begins to die.
Harold hits you with a +0 mace.
The cane toad stings the fungus.
Harold hits you with a +0 mace!
You shoot a bolt.
The bolt hits Harold but does no damage.
Harold is lightly wounded.
The cane toad stings the fungus!
Harold completely misses you.
The cane toad stings the fungus!!
You shoot a bolt. The bolt hits Harold.
Harold is moderately wounded.
A nearby fungus withers and dies.
Harold barely misses you. Harold casts a spell at you.
You barely resist. You shoot a bolt.
The bolt hits Harold but does no damage.
Harold is moderately wounded.
The cane toad closely misses you. The cane toad barely misses you.
Harold hits you with a +0 mace!
You shoot a bolt.
The bolt hits Harold but does no damage.
Harold is moderately wounded.
The cane toad closely misses you. Harold hits you but does no damage.
The cane toad stings you. Harold casts a spell at you.
You barely resist. You shoot a bolt.
The bolt hits Harold but does no damage.
Harold is moderately wounded.
The cane toad barely misses you. Harold hits you with a +0 mace!!
The cane toad barely misses you.
10772 ||| READING scroll of teleportation.
As you read the scroll of teleportation, it crumbles to dust.
You feel strangely unstable. Harold hits you with a +0 mace.
You die...
Harold says, "Can't wait to tell my little ones about this."

#...
##.#.....##
~#~
#......Y.#
.ยค
#......%##
. #.#.....#
###.#...#
#.#...#
####.##
#@F# #@.#
###.##
#...##
#....# ...
##..## ..#
#.<.# #.#
##.## #.#
#..# #.#
#.##


You could see a death yak, Harold and a cane toad.

Vanquished Creatures
  A boulder beetle (Lair:2)
  A death yak (Lair:2)
  A two-headed ogre (D:8)
  Maurice (D:6)
  2 cane toads
  A komodo dragon (Lair:2)
  A rime drake (Lair:2)
  A hornet (D:8)
  7 blink frogs
  6 yaks (Lair:1)
  7 water moccasins
  3 black bears
  An orc warrior (D:7)
  2 ice beasts
  2 sky beasts
  2 ogres
  2 phantoms
  2 kobold brigands
  6 bullfrogs
  2 gnoll sergeants
  3 scorpions
  10 wights
  13 killer bees
  5 howler monkeys
  4 hounds
  3 jellies
  A bombardier beetle (D:7)
  4 orc priests
  Ijyb (D:5)
  3 iguanas
  3 sleepcaps
  2 orc wizards (D:8)
  6 hell rats (Lair:1)
  17 gnolls
  4 adders
  A shadow imp (D:7)
  2 ufetubi (D:7)
  3 ribbon worms (D:3)
  3 dart slugs
  14 orcs
  6 bats
  3 endoplasms
  4 giant cockroaches
  8 goblins
  10 hobgoblins
  4 jackals (D:3)
  2 quokkas
  9 ball pythons
  2 frilled lizards (D:1)
  5 kobolds
  4 rats
210 creatures vanquished.

Notes
Turn   | Place    | Note
-------+----------+-------------------------------------------
     0 | D:1      | qw the Djinni Hunter began the quest for the Orb.
     0 | D:1      | Reached XP level 1. HP: 18/18 MP: 0/0
     0 | D:1      | 0 ||| qw: Version: 0.3-a-132-g3d54051
     0 | D:1      | 0 ||| qw: Game counter: 631
     0 | D:1      | 0 ||| qw: Melee chars always use a shield: true
     0 | D:1      | 0 ||| qw: God list: Okawaru
     0 | D:1      | 0 ||| qw: Allow faded altars: false
     0 | D:1      | 0 ||| qw: Do Orc after clearing Dungeon:15 true
     0 | D:1      | 0 ||| qw: Do second Lair branch before Depths: true
     0 | D:1      | 0 ||| qw: Lair rune preference: random
     0 | D:1      | 0 ||| qw: Goals: Normal
     0 | D:1      | 0 ||| PLANNING D:1-11
   182 | D:1      | Reached XP level 2. HP: 23/23 MP: 0/0
   257 | D:1      | Reached XP level 3. HP: 27/28 MP: 0/0
   257 | D:1      | Learned a level 1 spell: Sting
   306 | D:1      | Reached skill level 4 in Ranged Weapons
   600 | D:1      | 600 ||| UPGRADING to +0 ring mail.
   610 | D:1      | 610 ||| DROPPING +0 leather armour.
   611 | D:1      | 611 ||| DROPPING ring of wizardry.
   612 | D:1      | 612 ||| READING 2 scrolls labelled ZOBADO KESADA.
   612 | D:1      | 612 ||| IDENTIFYING orange potion
   613 | D:1      | 613 ||| READING scroll of identify.
   613 | D:1      | 613 ||| IDENTIFYING amethyst potion
   614 | D:1      | 614 ||| READING scroll labelled VIFIULY BOMUS.
   615 | D:1      | 615 ||| READING scroll labelled POUHAPHEL QUAP.
   616 | D:1      | 616 ||| DROPPING scroll of butterflies.
   617 | D:1      | 617 ||| DROPPING potion of brilliance.
   648 | D:2      | 648 ||| STAIRDANCE
   652 | D:2      | 652 ||| STAIRDANCE
  1103 | D:2      | Reached skill level 1 in Armour
  1600 | D:2      | 1600 ||| UPGRADING to +6 ring of dexterity.
  1601 | D:2      | 1601 ||| READING 3 scrolls of identify.
  1601 | D:2      | 1601 ||| IDENTIFYING fuming green potion
  1602 | D:2      | 1602 ||| READING 2 scrolls of identify.
  1602 | D:2      | 1602 ||| IDENTIFYING 2 bubbling black potions
  1603 | D:2      | 1603 ||| READING scroll of identify.
  1603 | D:2      | 1603 ||| IDENTIFYING scroll labelled SAMISSA VACI
  1604 | D:2      | 1604 ||| READING 2 scrolls labelled FOYHO MAEMU.
  1605 | D:2      | 1605 ||| FLEEEEING.
  1608 | D:2      | 1608 ||| DROPPING scroll of immolation.
  1752 | D:3      | Found a blossoming altar of Fedhas.
  1767 | D:3      | Found Kaufui's Book Shop.
  1800 | D:3      | Found a burning altar of Makhleb.
  1909 | D:3      | Reached skill level 3 in Fighting
  1909 | D:3      | Reached XP level 4. HP: 35/35 MP: 0/0
  2108 | D:3      | 2108 ||| SWAPPING to +0 arbalest.
  2109 | D:3      | 2109 ||| DROPPING +0 shortbow.
  2277 | D:3      | Reached XP level 5. HP: 40/40 MP: 0/0
  2277 | D:3      | Learned a level 2 spell: Momentum Strike
  2366 | D:3      | 2366 ||| UPGRADING to +4 ring of protection.
  2379 | D:4      | 2379 ||| STAIRDANCE
  2385 | D:3      | Reached skill level 3 in Dodging
  2406 | D:4      | 2406 ||| STAIRDANCE
  2412 | D:3      | 2412 ||| FLEEEEING.
  2468 | D:4      | Reached XP level 6. HP: 46/46 MP: 0/0
  2909 | D:4      | Reached skill level 5 in Ranged Weapons
  3109 | D:4      | 3109 ||| UPGRADING to +0 ring mail of poison resistance.
  3119 | D:4      | 3119 ||| DROPPING +0 ring mail.
  3120 | D:4      | 3120 ||| READING 3 scrolls of identify.
  3120 | D:4      | 3120 ||| IDENTIFYING emerald potion
  3121 | D:4      | 3121 ||| READING 2 scrolls of identify.
  3121 | D:4      | 3121 ||| IDENTIFYING 2 lumpy puce potions
  3122 | D:4      | 3122 ||| READING scroll of identify.
  3122 | D:4      | 3122 ||| IDENTIFYING scroll labelled AMIHUTOMP
  3123 | D:4      | 3123 ||| DROPPING 2 potions of attraction.
  3124 | D:4      | 3124 ||| DROPPING scroll of fog.
  3150 | D:5      | Entered Level 5 of the Dungeon
  3151 | D:5      | Found a staircase to the Ecumenical Temple.
  3152 | D:5      | 3152 ||| PLANNING TEMPLE
  3152 | D:5      | 3152 ||| FLEEEEING.
  3153 | D:5      | 3153 ||| STAIRDANCE
  3163 | D:5      | Noticed an ice beast
  3174 | D:5      | Killed an ice beast
  3175 | D:5      | Reached XP level 7. HP: 38/52 MP: 0/0
  3175 | D:5      | Learned a level 3 spell: Stone Arrow
  3225 | D:5      | 3225 ||| FLEEEEING.
  3231 | D:5      | 3231 ||| STAIRDANCE
  3244 | Temple   | Entered the Ecumenical Temple
  3245 | Temple   | 3245 ||| PLANNING OKAWARU WORSHIP
  3250 | Temple   | Became a worshipper of Warmaster Okawaru
  3251 | Temple   | 3251 ||| PLANNING D:1-11
  3383 | D:5      | 3383 ||| FLEEEEING.
  3587 | D:5      | Noticed Ijyb
  3593 | D:5      | Killed Ijyb
  3594 | D:5      | Reached skill level 6 in Ranged Weapons
  3594 | D:5      | Reached XP level 8. HP: 57/58 MP: 0/0
  3884 | D:5      | 3884 ||| READING scroll of identify.
  3884 | D:5      | 3884 ||| IDENTIFYING puce potion
  3885 | D:5      | 3885 ||| DROPPING potion of degeneration.
  3980 | D:6      | Reached * piety under Okawaru
  4004 | D:6      | 4004 ||| FLEEEEING.
  4167 | D:6      | Reached skill level 1 in Invocations
  4177 | D:6      | 4177 ||| RETREEEEATING.
  4181 | D:6      | Reached skill level 7 in Ranged Weapons
  4192 | D:6      | 4192 ||| FLEEEEING.
  4261 | D:6      | Reached skill level 3 in Invocations
  4262 | D:6      | Found an ornate altar of the Wu Jian Council.
  4262 | D:6      | Found a sparkling altar of Nemelex Xobeh.
  4332 | D:6      | Reached XP level 9. HP: 55/65 MP: 0/0
  4332 | D:6      | Learned a level 4 spell: Iskenderun's Mystic Blast
  4336 | D:6      | 4336 ||| FLEEEEING.
  4854 | D:6      | Reached ** piety under Okawaru
  4859 | D:6      | 4859 ||| RETREEEEATING.
  4873 | D:6      | 4873 ||| FLEEEEING.
  5056 | D:6      | 5056 ||| DROPPING wand of flame (42).
  5140 | D:7      | Reached skill level 8 in Ranged Weapons
  5143 | D:7      | 5143 ||| FLEEEEING.
  5151 | D:7      | 5151 ||| STAIRDANCE
  5310 | D:7      | Found Ceytask's Antique Armour Boutique.
  5313 | D:7      | 5313 ||| BUYING embroidered scarf (200 gold).
  5313 | D:7      | Bought an embroidered scarf for 200 gold pieces
  5313 | D:7      | 5313 ||| BUYING helmet (112 gold).
  5313 | D:7      | Bought a helmet for 112 gold pieces
  5313 | D:7      | 5313 ||| SHOPLISTING pair of ichor-stained gloves (237
                  | gold, have 76).
  5313 | D:7      | 5313 ||| SHOPLISTING runed helmet (187 gold, have 76).
  5313 | D:7      | 5313 ||| SHOPLISTING runed ring mail (175 gold, have 76).
  5313 | D:7      | 5313 ||| SHOPLISTING runed scarf (200 gold, have 76).
  5406 | D:7      | 5406 ||| FLEEEEING.
  5449 | D:7      | 5449 ||| FLEEEEING.
  5455 | D:7      | 5455 ||| STAIRDANCE
  5499 | D:6      | 5499 ||| DROPPING scarf of invisibility.
  5500 | D:6      | 5500 ||| UPGRADING to +0 helmet.
  5505 | D:6      | 5505 ||| READING 3 scrolls of identify.
  5505 | D:6      | 5505 ||| IDENTIFYING scroll labelled RUNWEA POS PUN
  5506 | D:6      | 5506 ||| DROPPING scroll of fear.
  5590 | D:7      | 5590 ||| RETREEEEATING.
  5591 | D:7      | 5591 ||| RETREEEEATING.
  5593 | D:7      | 5593 ||| RETREEEEATING.
  5594 | D:7      | 5594 ||| RETREEEEATING.
  5602 | D:7      | Reached skill level 6 in Dodging
  5606 | D:7      | 5606 ||| FLEEEEING.
  5614 | D:7      | Noticed Maurice
  5617 | D:7      | 5617 ||| FLEEEEING.
  5620 | D:7      | 5620 ||| READING 4 scrolls of teleportation.
  5891 | D:7      | 5891 ||| FLEEEEING.
  5892 | D:7      | 5892 ||| READING 3 scrolls of teleportation.
  5892 | D:7      | Maurice stole 86 gold
  5893 | D:7      | 5893 ||| FLEEEEING.
  5894 | D:7      | 5894 ||| FLEEEEING.
  5935 | D:7      | Reached skill level 6 in Fighting
  5946 | D:7      | 5946 ||| FLEEEEING.
  5956 | D:7      | 5956 ||| STAIRDANCE
  6077 | D:6      | 6077 ||| READING 3 scrolls of identify.
  6077 | D:6      | 6077 ||| IDENTIFYING scroll labelled DIBUVU BIUDGH
  6078 | D:6      | 6078 ||| DROPPING scroll of silence.
  6081 | D:7      | 6081 ||| STAIRDANCE
  6083 | D:6      | 6083 ||| FLEEEEING.
  6208 | D:7      | 6208 ||| STAIRDANCE
  6210 | D:6      | 6210 ||| FLEEEEING.
  6225 | D:6      | Killed Maurice
  6225 | D:6      | Reached *** piety under Okawaru
  6226 | D:6      | Reached XP level 10. HP: 72/72 MP: 0/0
  6259 | D:6      | 6259 ||| UPGRADING to +0 cloak.
  6450 | D:7      | Found a runed translucent door.
  6451 | D:7      | Noticed Crazy Yiuf
  6488 | D:7      | 6488 ||| READING 2 scrolls of identify.
  6488 | D:7      | 6488 ||| IDENTIFYING lumpy cyan potion
  6489 | D:7      | 6489 ||| DRINKING potion of mutation.
  6489 | D:7      | Gained mutation: You have a pair of small horns on your
                  | head. [potion of mutation]
  6490 | D:7      | 6490 ||| DROPPING +0 helmet.
  6591 | D:8      | Reached skill level 9 in Ranged Weapons
  6660 | D:8      | Found a staircase to the Lair.
  6673 | D:8      | 6673 ||| FLEEEEING.
  6684 | D:8      | 6684 ||| FLEEEEING.
  6753 | D:8      | 6753 ||| FLEEEEING.
  6757 | D:8      | 6757 ||| FLEEEEING.
  6758 | D:8      | 6758 ||| STAIRDANCE
  6820 | D:7      | 6820 ||| READING 2 scrolls of identify.
  6820 | D:7      | 6820 ||| IDENTIFYING scroll labelled IZOSOYTOFI
  6821 | D:7      | 6821 ||| DROPPING scroll of revelation.
  6913 | D:8      | 6913 ||| FLEEEEING.
  6946 | D:8      | 6946 ||| RETREEEEATING.
  6952 | D:8      | 6952 ||| RETREEEEATING.
  6953 | D:8      | 6953 ||| RETREEEEATING.
  6954 | D:8      | 6954 ||| RETREEEEATING.
  6955 | D:8      | 6955 ||| RETREEEEATING.
  6956 | D:8      | 6956 ||| RETREEEEATING.
  6957 | D:8      | 6957 ||| RETREEEEATING.
  6958 | D:8      | 6958 ||| RETREEEEATING.
  6968 | D:8      | Reached **** piety under Okawaru
  7227 | D:8      | Noticed a two-headed ogre
  7231 | D:8      | Killed a two-headed ogre
  7232 | D:8      | 7232 ||| FLEEEEING.
  7426 | D:8      | HP: 15/75 [killer bee (7)]
  7427 | D:8      | 7427 ||| READING 2 scrolls of teleportation.
  7428 | D:8      | 7428 ||| DRINKING 2 potions of heal wounds.
  7432 | D:8      | Reached skill level 3 in Armour
  7432 | D:8      | 7432 ||| FLEEEEING.
  7578 | D:8      | Found a broken altar of Ashenzari.
  7602 | D:8      | 7602 ||| DRINKING 6 potions of curing.
  7602 | D:8      | 7602 ||| (to cure confusion)
  7743 | D:8      | 7743 ||| FLEEEEING.
  8169 | D:8      | 8169 ||| FLEEEEING.
  8308 | D:8      | 8308 ||| PLANNING LAIR
  8308 | D:8      | 8308 ||| READING scroll of identify.
  8308 | D:8      | 8308 ||| IDENTIFYING bubbling puce potion
  8309 | D:8      | 8309 ||| READING scroll labelled FUISEARROL.
  8310 | D:8      | 8310 ||| DROPPING potion of lignification.
  8332 | Lair:1   | Entered Level 1 of the Lair of Beasts
  8364 | Lair:1   | 8364 ||| RETREEEEATING.
  8365 | Lair:1   | 8365 ||| RETREEEEATING.
  8379 | Lair:1   | 8379 ||| FLEEEEING.
  8472 | Lair:1   | 8472 ||| FLEEEEING.
  8619 | Lair:1   | 8619 ||| RETREEEEATING.
  8621 | Lair:1   | 8621 ||| RETREEEEATING.
  8626 | Lair:1   | Reached skill level 6 in Invocations
  8626 | Lair:1   | Reached XP level 11. HP: 79/79 MP: 0/0
  8626 | Lair:1   | Learned a level 4 spell: Summon Lightning Spire
  8627 | Lair:1   | 8627 ||| RETREEEEATING.
  8638 | Lair:1   | Reached ***** piety under Okawaru
  8853 | Lair:1   | 8853 ||| RETREEEEATING.
  8855 | Lair:1   | 8855 ||| RETREEEEATING.
  8856 | Lair:1   | 8856 ||| RETREEEEATING.
  8857 | Lair:1   | 8857 ||| RETREEEEATING.
  8863 | Lair:1   | 8863 ||| FLEEEEING.
  9003 | Lair:1   | Reached skill level 10 in Ranged Weapons
  9591 | Lair:2   | 9591 ||| STAIRDANCE
  9594 | Lair:1   | Received a gift from Okawaru
  9595 | Lair:1   | 9595 ||| FLEEEEING.
  9681 | Lair:2   | 9681 ||| STAIRDANCE
  9741 | Lair:2   | Noticed a death yak
  9742 | Lair:2   | Noticed a death yak
  9747 | Lair:2   | Noticed a death yak
  9748 | Lair:2   | 9748 ||| RETREEEEATING.
  9752 | Lair:2   | Killed a death yak
  9752 | Lair:2   | HP: 10/79 [death yak (11)]
  9753 | Lair:2   | 9753 ||| READING 2 scrolls of teleportation.
  9754 | Lair:2   | 9754 ||| DRINKING potion of heal wounds.
  9935 | Lair:2   | Noticed Urug
  9942 | Lair:2   | HP: 15/79 [Urug/+1 heavy halberd (10)]
  9943 | Lair:2   | 9943 ||| READING scroll of teleportation.
 10212 | Lair:2   | HP: 17/79 [rime drake/icy flash freeze (6)]
 10419 | Lair:2   | Noticed a boulder beetle
 10438 | Lair:2   | Killed a boulder beetle
 10438 | Lair:2   | Received a gift from Okawaru
 10439 | Lair:2   | 10439 ||| FLEEEEING.
 10641 | Lair:2   | 10641 ||| FLEEEEING.
 10743 | Lair:2   | Found a staircase to the Snake Pit.
 10745 | Lair:2   | Noticed a lindwurm
 10745 | Lair:2   | Noticed Harold
 10747 | Lair:2   | 10747 ||| FLEEEEING.
 10748 | Lair:2   | 10748 ||| FLEEEEING.
 10754 | Lair:2   | 10754 ||| FLEEEEING.
 10755 | Lair:2   | 10755 ||| FLEEEEING.
 10756 | Lair:2   | 10756 ||| FLEEEEING.
 10771 | Lair:2   | HP: 5/81 [Harold/+0 mace (22)]
 10772 | Lair:2   | 10772 ||| READING scroll of teleportation.
 10772 | Lair:2   | Slain by Harold

Levels and vault maps discovered:
D:1:      nagdon_arrival_zigzag_paths, layout_basic, roderic_roman_lattice,
          serial_bayou_pond_a
D:2:      layout_basic, minmay_misc_feat_secret_circle
D:3:      layout_basic, mainiacjoe_overflow_paths,
          mainiacjoe_overflow_cross_hatched, serial_shops, shop
D:4:      layout_basic, grunt_ministairs_2
D:5:      layout_loops_cross, minmay_temple_entry_large_hall,
          dreamdust_gnoll_farm, uniq_ijyb
D:6:      layout_basic, jmf_multi_god_temple, lemuel_tele_altar,
          kennysheep_generic_room_13
D:7:      layout_loops_ring, serial_shops, nicolae_shop_behind_doors,
          uniq_maurice, uniq_crazy_yiuf_cottage
D:8:      layout_layer_cave, mainiacjoe_overflow_brackets, lair_entry_dummy,
          chequers_mini_garden, kennysheep_generic_room_14
Temple:   hellmonk_temple_two_chambers
Lair:1:   layout_cave_pods
Lair:2:   layout_roguey, dummy_snake_entry, nicolae_lair_lindhole, uniq_urug,
          uniq_harold

Skill      XL: |  1  2  3  4  5  6  7  8  9 10 11 |
---------------+----------------------------------+-----
Ranged Weapons | 4 5 6 7 8 9 10 | 10.1
Armour         | 1 2 3 |  3.0
Fighting       | 3 4 5 6 7 8 |  8.0
Dodging        | 3 4 6 7 8 |  8.1
Invocations    | 3 4 6 8 |  8.9
Stealth        | |  0.7

Action                     |  1- 3 |  4- 6 |  7- 9 | 10-12 || total
---------------------------+-------+-------+-------+-------++-------
  Melee: Unarmed           |       |       |     3 |       ||     3
   Fire: Shortbow          |    93 |    26 |       |       ||   119
         Arbalest          |       |    48 |   246 |   320 ||   614
    Use: Scroll            |     8 |     3 |     5 |     8 ||    24
         Potion            |       |       |       |     4 ||     4
 Armour: Leather armour    |     7 |       |       |       ||     7
         Ring mail         |    24 |    26 |   120 |   197 ||   367
         Skin              |       |       |     8 |       ||     8
  Dodge: Dodged            |    38 |    32 |   152 |   224 ||   446

Table legend:
 A = Non-vault XP
 B = Vault XP
 C = Vault XP percentage of total XP
 D = Non-vault monster count
 E = Vault monster count
 F = Vault count percentage of total count
                 A         B        C        D         E       F
            +---------+---------+-------+---------+---------+-------
      Total |   13008 |    1822 |  12.3 |     195 |      15 |   7.1
            +---------+---------+-------+---------+---------+-------
        D:1 |      47 |       0 |   0.0 |      27 |       0 |   0.0
        D:2 |      18 |       0 |   0.0 |      10 |       0 |   0.0
        D:3 |     122 |      80 |  39.6 |      17 |       1 |   5.6
        D:4 |     151 |       1 |   0.7 |      14 |       1 |   6.7
        D:5 |     617 |     144 |  18.9 |      11 |       7 |  38.9
        D:6 |    1179 |     784 |  39.9 |      21 |       5 |  19.2
        D:7 |    1099 |       0 |   0.0 |      28 |       0 |   0.0
        D:8 |    1948 |     813 |  29.4 |      31 |       1 |   3.1
     Lair:1 |    4094 |       0 |   0.0 |      25 |       0 |   0.0
     Lair:2 |    3733 |       0 |   0.0 |      11 |       0 |   0.0
            +---------+---------+-------+---------+---------+-------
